 Dungeon Crawl Stone Soup version 0.22-a0-422-g9628fc8 (webtiles) character file.

1253 Borgoz the Skirmisher (level 8, -2/49 HPs)
             Began as a Gargoyle Abyssal Knight on May 16, 2018.
             Was a Priest of Lugonu.
             Slain by an ogre
             ... wielding a +0 giant club
              (23 damage)
             ... on level 5 of the Dungeon.
             The game lasted 00:06:48 (5482 turns).

Borgoz the Skirmisher (Gargoyle Abyssal Knight)     Turns: 5482, Time: 00:06:49

Health: -2/49      AC: 18    Str: 15    XL:     8   Next: 51%
Magic:  11/11      EV:  8    Int: 14    God:    Lugonu [***...]
Gold:   277        SH:  0    Dex: 11    Spells: 7/7 levels left

rFire    . . .     SeeInvis .   n - +0 war axe
rCold    . . .     Gourm    .   (no shield)
rNeg     + . .     Faith    .   a - +2 chain mail {rPois}
rPois    ∞         Spirit   .   k - +1 hat
rElec    +         Reflect  .   (no cloak)
rCorr    .         Harm     .   (no gloves)
MR       .....                  (no boots)
Stlth    ..........             (no amulet)
HPRegen  0.16/turn              (no ring)
MPRegen  0.12/turn              (no ring)

@: no status effects
A: negative energy resistance 1, electricity resistance, unbreathing,
petrification resistance, rot immunity, AC +5
a: Depart the Abyss, Bend Space, Banish, Renounce Religion


You were on level 5 of the Dungeon.
You worshipped Lugonu.
Lugonu was most pleased with you.
You were not hungry.

You visited 2 branches of the dungeon, and saw 6 of its levels.
You visited the Abyss 1 time.

You collected 277 gold pieces.

Inventory:

Hand Weapons
 n - a +0 war axe (weapon)
 p - a +0 dagger of distortion
Missiles
 h - 2 throwing nets (quivered)
Armour
 a - a +2 chain mail of poison resistance (worn)
 k - a +1 hat (worn)
Jewellery
 g - an uncursed amulet of magic regeneration
Scrolls
 d - 3 scrolls of remove curse
 i - 5 scrolls of teleportation
 j - a scroll of fear
 l - a scroll of magic mapping {unknown}
 o - a scroll of fog
 r - a scroll of amnesia {unknown}
 s - 2 scrolls of identify
Potions
 b - a potion of lignification {unknown}
 e - a potion of heal wounds
 f - 2 potions of flight
 m - a potion of curing
 q - a potion of might {unknown}
 t - a potion of cancellation {unknown}
Comestibles
 c - 12 rations
 u - 5 chunks of flesh


   Skills:
 + Level 5.2 Fighting
 * Level 5.1 Axes
 + Level 4.5 Armour
 * Level 4.4 Dodging
 + Level 4.4 Invocations


You had 7 spell levels left.
You didn't know any spells.
Your spell library contained the following spells:

 Spells                   Type           Power        Failure   Level  Hunger
 Stone Arrow              Conj/Erth      #.....       100%        3    ####...
 Passwall                 Tmut/Erth      #.........   100%        2    ###....
 Lee's Rapid Deconstruct  Erth           #.........   100%        5    ######.
 Sandblast                Erth           #.....       99%         1    ##.....
 Petrify                  Tmut/Erth      #.......     100%        4    #####..


Dungeon Overview and Level Annotations

Branches:
Dungeon (5/15)             Temple (1/1) D:4

Altars:
Ashenzari
Cheibriados
Elyvilon
Fedhas
Gozag
Kikubaaqudgha
Makhleb
Nemelex Xobeh
Qazlal
Ru
Sif Muna
Trog
Wu Jian
Xom


Innate Abilities, Weirdness & Mutations

You are resistant to torment.
Your stone body is resilient. (AC +5)
You are immune to poison.
You resist negative energy. (rN+)
You are resistant to electric shocks. (rElec)
You can survive without breathing.
You are immune to petrification.
You are immune to rotting.


Message History

An ogre is nearby!
An ogre is nearby!
Found 10 gold pieces.
You hit the ogre.
The ogre is moderately wounded.
The ogre hits you with a giant club!!
You hit the ogre.
The ogre is moderately wounded.
The ogre hits you with a giant club!
You are too injured to fight recklessly!
You hit the ogre.
The ogre is heavily wounded.
The ogre closely misses you.
You hit the ogre.
The ogre is severely wounded.
The ogre barely misses you.
You barely miss the ogre.
The ogre is severely wounded.
The ogre hits you with a giant club!!
You die...

...............# #<.......#
###.####.......# #......####
#.# #.#....####.........#
###.####.#..#.....[.....(..#
...........###.............#
######...### ####.##....####
.....# ....### #.####...#
####.# .<.....##.####...#
.....# ....$..@........#
###### .[##...O.####...#
.....# ........... ..#
####.# ...##........ .....#
#. .........# ###### #
##........# ..... #........#
..... #........# .....


You could see an ogre.

Vanquished Creatures
  Grinder (D:3)
  The ghost of Borgoz the Skirmisher, an amateur GrAK of Lugonu (D:4)
  4 ogres
  A hound (D:5)
  A gnoll shaman (D:3)
  5 orc wizards
  2 iguanas (D:4)
  3 worker ants (D:4)
  A worker ant zombie (D:5)
  12 gnolls
  4 adders
  3 oozes
  4 worms
  2 dart slugs (D:2)
  A leopard gecko (D:3)
  17 orcs
  9 bats
  4 giant cockroaches
  12 goblins
  6 hobgoblins
  9 kobolds
  3 quokkas
  5 frilled lizards
  A giant cockroach zombie (D:5)
  8 rats
119 creatures vanquished.

Notes
Turn   | Place    | Note
-------+----------+-------------------------------------------
     0 | Abyss:1  | Borgoz the Gargoyle Abyssal Knight began the quest for the Orb.
     0 | Abyss:1  | Reached XP level 1. HP: 14/14 MP: 2/2
    10 | Abyss:2  | Noticed a green death
    10 | Abyss:2  | Noticed a hornet
    10 | Abyss:2  | Noticed a hornet
    10 | Abyss:2  | Noticed a hornet
    10 | Abyss:2  | Noticed a hornet
    10 | Abyss:2  | Noticed a hornet
    10 | Abyss:2  | Noticed a hornet
    10 | Abyss:2  | Noticed a hornet
    10 | Abyss:2  | Noticed a hornet
    10 | Abyss:2  | Noticed a hornet
    11 | D:1      | Escaped the Abyss
   107 | D:1      | Reached skill level 1 in Dodging
   148 | D:1      | Reached XP level 2. HP: 19/19 MP: 3/3
   172 | D:1      | Reached * piety under Lugonu
   435 | D:1      | Reached XP level 3. HP: 18/23 MP: 4/4
  1161 | D:2      | Found a snail-covered altar of Cheibriados.
  1171 | D:2      | Reached XP level 4. HP: 25/28 MP: 5/5
  1360 | D:2      | Noticed a moth of wrath
  1363 | D:2      | Found a bloodstained altar of Trog.
  1377 | D:2      | Reached ** piety under Lugonu
  1990 | D:2      | Reached XP level 5. HP: 9/33 MP: 6/6
  2651 | D:3      | Noticed an ogre
  2674 | D:3      | Killed an ogre
  2674 | D:3      | Reached XP level 6. HP: 8/38 MP: 8/8
  2931 | D:3      | Noticed Grinder
  2947 | D:3      | Paralysed by Grinder for 5 turns
  2977 | D:3      | Paralysed by Grinder for 3 turns
  2982 | D:3      | Killed Grinder
  3300 | D:4      | Reached XP level 7. HP: 43/44 MP: 9/9
  3366 | D:4      | Found a staircase to the Ecumenical Temple.
  3371 | D:4      | Noticed Borgoz's ghost (amateur GrAK)
  3376 | Temple   | Entered the Ecumenical Temple
  3473 | D:4      | Killed Borgoz's ghost
  3929 | D:4      | Reached *** piety under Lugonu
  4268 | D:3      | Reached XP level 8. HP: 40/48 MP: 11/11
  4339 | D:4      | Reached skill level 5 in Fighting
  5110 | D:5      | Entered Level 5 of the Dungeon
  5245 | D:5      | Reached skill level 5 in Axes
  5482 | D:5      | Slain by an ogre

Vault maps used:
D:1:      minmay_arrival_solitary_statue, minmay_hexomino_f4
D:2:      kennysheep_slug_shrine, tgw_trog
D:3:      minmay_ogre_servants, uniq_grinder
D:4:      minmay_temple_entry_large_hall, serial_forest,
          infiniplex_forest_end_2, infiniplex_forest_lined_corner,
          infiniplex_forest_end_3, infiniplex_forest_clump_cross,
          infiniplex_forest_lined_2, infiniplex_forest_clump_cross, first_ration
D:5:      dancing_weapons_uskayaw, minivault_27
Temple:   nicolae_temple_hex_pool
Abyss:1:  gammafunk_abyss_exit_x_factor
Abyss:2:  hangedman_abyss_sting

Skill      XL: |  1  2  3  4  5  6  7  8 |
---------------+-------------------------+-----
Dodging        | 1 2 3 4 |  4.4
Axes           | 2 3 4 5 |  5.1
Fighting       | 4 5 |  5.2
Armour         | 3 4 |  4.5
Invocations    | 3 4 |  4.4

Action                   |  1- 3 |  4- 6 |  7- 9 || total
-------------------------+-------+-------+-------++-------
Melee: Hand axe          |   124 |    31 |       ||   155
       War axe           |       |   139 |   188 ||   327
Invok: Depart the Abyss  |     1 |       |       ||     1
  Use: Scroll            |     1 |     5 |     1 ||     7
       Potion            |       |     1 |       ||     1
  Eat: Chunk             |       |     8 |     7 ||    15
Armor: Leather armour    |    62 |    27 |       ||    89
       Chain mail        |       |   118 |   170 ||   288
Dodge: Dodged            |    90 |    90 |    85 ||   265

Table legend:
 A = Spawn XP
 B = Non-spawn XP
 C = Spawn XP percentage of total XP
 D = Spawn monster count
 E = Non-spawn monster count
 F = Spawn count percentage of total count
 G = Total turns spent on level
                    A         B        C        D         E        F      G
               +---------+---------+-------+---------+---------+-------+---------
         Total |       0 |    1791 |   0.0 |       0 |     119 |   0.0 |  5482
               +---------+---------+-------+---------+---------+-------+---------
           D:1 |       0 |      46 |   0.0 |       0 |      21 |   0.0 |   998
           D:2 |       0 |     113 |   0.0 |       0 |      28 |   0.0 |  1093
           D:3 |       0 |     504 |   0.0 |       0 |      28 |   0.0 |  1456
           D:4 |       0 |     847 |   0.0 |       0 |      28 |   0.0 |  1469
           D:5 |       0 |     281 |   0.0 |       0 |      14 |   0.0 |   372
               +---------+---------+-------+---------+---------+-------+---------
